 Dungeon Crawl Stone Soup version 0.27-a0-932-g94b7631 (webtiles) character file.

Game seed: 6461919858790943754

11 Nithhogg the Skirmisher (level 2, -2/24 HPs)
             Began as a Demonspawn Fighter on Apr 10, 2021.
             Killed by Freeze
             ... generated by an endoplasm
              (4 damage)
             ... on level 1 of the Dungeon.
             The game lasted 00:00:21 (257 turns).

Nithhogg the Skirmisher (Demonspawn Fighter)         Turns: 257, Time: 00:00:22

Health: -2/24      AC:  6    Str: 16    XL:     2   Next: 13%
Magic:  2/2        EV:  6    Int:  9    God:
Gold:   34         SH:  8    Dex: 12    Spells: 1/1 levels left

rFire    . . .     SeeInvis .   a - +0 long sword
rCold    . . .     Faith    .   c - +0 kite shield
rNeg     . . .     Spirit   .   b - +0 scale mail
rPois    .         Reflect  .   (no helmet)
rElec    .         Harm     .   (no cloak)
rCorr    .         Rampage  .   (no gloves)
Will     .....                  (no boots)
Stlth    ..........             (no amulet)
HPRegen  0.08/turn              (no ring)
MPRegen  0.16/turn              (no ring)

@: no status effects
A: magic regeneration
a: no special abilities


You were on level 1 of the Dungeon.
You visited 1 branch of the dungeon, and saw 1 of its levels.

You collected 34 gold pieces.

Inventory:

Hand Weapons
 a - a +0 long sword (weapon)
Armour
 b - a +0 scale mail (worn)
 c - a +0 kite shield (worn)
Potions
 d - a potion of might
 e - a potion of cancellation {unknown}


   Skills:
 + Level 3.1 Fighting
 + Level 2.0 Long Blades
 + Level 2.8 Armour
 + Level 2.8 Shields


You had one spell level left.
You didn't know any spells.
Your spell library was empty.

Dungeon Overview and Level Annotations

Branches:
Dungeon (1/15)

Altars:


Innate Abilities, Weirdness & Mutations

You regenerate magic rapidly.


Message History

No target in view!
Found a short sword.
Things that are here:
a +0 dagger; a goblin corpse You now have 34 gold pieces (gained 18).
A quokka comes into view.
A quokka is nearby!
An endoplasm comes into view.
A goblin comes into view. It is wielding a +0 dagger.
The goblin shouts!
The quokka bites you.
The quokka bites you but does no damage.
Found 9 arrows.
You closely miss the quokka. The quokka barely misses you.
You barely miss the quokka.
The quokka bites you but does no damage.
You block the quokka's attack.
You miss the quokka. The quokka barely misses you. The endoplasm hits you.
The quokka bites you.
You closely miss the quokka. The quokka bites you. The endoplasm freezes you.
You are frozen.
You block the goblin's attack. The endoplasm freezes you.
You are frozen.
The quokka bites you.
* * * LOW HITPOINT WARNING * * *
You are too injured to fight recklessly!
You are too injured to fight recklessly!
You are too injured to fight recklessly!
You are too injured to fight recklessly!
You slash the goblin!
You kill the goblin!
You block the quokka's attack. The endoplasm freezes you.
You are frozen.
* * * LOW HITPOINT WARNING * * *
The quokka bites you but does no damage.
There are monsters nearby!
The endoplasm freezes you.
You are frozen.
You die...

...........#####.#
.............#...#
...........#.#...#
...........#.#...### #####.
#.........##.##....##......
......)....#.....#........#
.........#.......##.###
(.......rJ#..††.......#
..........@...........#
####....#.#......##...#
######.#.......###.#
#.#.......# #.# #.##......#
#.# #+##).....# #.#
.............# #.#
...).........# #.#
.............# #.#


You could see an endoplasm and a quokka.

Vanquished Creatures
  A ball python (D:1)
  A giant cockroach (D:1)
  2 goblins (D:1)
  2 hobgoblins (D:1)
  A quokka (D:1)
  A bat (D:1)
  A frilled lizard (D:1)
9 creatures vanquished.

Notes
Turn   | Place    | Note
-------+----------+-------------------------------------------
     0 | D:1      | Nithhogg the Demonspawn Fighter began the quest for the
                  | Orb.
     0 | D:1      | Reached XP level 1. HP: 18/18 MP: 1/1
   172 | D:1      | Gained mutation: You regenerate magic rapidly. [demonic
                  | ancestry]
   172 | D:1      | Reached XP level 2. HP: 21/24 MP: 2/2
   257 | D:1      | Killed from afar by an endoplasm

Illustrated notes

Levels and vault maps discovered:
D:1:      nagdon_arrival_zigzag_paths, layout_basic

Skill      XL: |  1 |
---------------+----+-----
Long Blades    | 2 |  2.0
Fighting       | |  3.1
Armour         | |  2.8
Shields        | |  2.8

Action                   || total
-------------------------++-------
Melee: Long sword        ||    30
Armor: Scale mail        ||    23
Dodge: Dodged            ||    14
Block: Kite shield       ||    27
       Rpst.: Long sword ||     3

Table legend: (Time is in decaauts)
 A = Elapsed time spent in this place.
 B = Non-inter-level travel time spent in this place.
 C = Inter-level travel time spent in this place.
 D = Time resting spent in this place.
 E = Time spent auto-exploring this place.
 F = Levels seen in this place.
 G = Mean time per level.
                   A        B        C        D        E       F      G
               +--------+--------+--------+--------+--------+-----+--------+
         Total |    273 |    273 |      0 |      0 |    199 |   1 |  273.0 |
       Dungeon |    273 |    273 |      0 |      0 |    199 |   1 |  273.0 |
               +--------+--------+--------+--------+--------+-----+--------+

Top non-repeatable levels by time:
     D:1: 273 daAuts
